AoeStats
← marco.ulrich

Arena

510387975Analyzed
2v2 RM · 13h ago on Sep 30, 2026· 44m 27s· 4 players
Game mode
Random Map
Map size
Medium (4 player)
Population
200
Speed
Normal
Resources
Standard
Victory
Conquest
Starting age
Dark Age
Ending age
Imperial Age
RankedLock teamsTeams togetherTeam positionsShared explorationLock speedFull tech treeHidden civsTurbo modeCheats
Victory
Defeat
🇩🇪 Ethiopians · Germany
909
+15
🇩🇪 Danes · Germany
901
+15
🇸🇰 Romans · Slovakia
912
-16
🇸🇰 Lithuanians · Slovakia
863
-14
1Majo_SVK
9:15 Loom
11:07 Feudal Age
15:54 Castle Age
19:45 Gold Mining
24:25 Wheelbarrow
29:15 Imperial Age
37:32 Chemistry
ARES
0:29 Loom
12:09 Feudal Age
17:41 Castle Age
16:54 Man-at-Arms
17:52 Double-Bit Axe
19:03 Horse Collar
20:09 Scale Barding Armor
22:01 Heavy Plow
23:08 Husbandry
23:43 Long Swordsman
32:16 Imperial Age
33:12 Wheelbarrow
35:24 Scale Mail Armor
38:26 Forging
38:32 Chain Mail Armor
39:51 Fletching
41:38 Hand Cart
MarcusMaximus
12:14 Feudal Age
16:01 Castle Age
13:50 Double-Bit Axe
14:36 Stone Mining
14:38 Horse Collar
16:06 Gold Mining
20:44 Squires
21:37 Loom
22:58 Scale Mail Armor
24:24 Bow Saw
25:50 Hamask
27:34 Forging
28:06 Arson
31:19 Wheelbarrow
36:34 Imperial Age
34:27 Gambesons
34:59 Chain Mail Armor
36:37 Town Watch
37:08 Hand Cart
37:17 Elite Varangian Guard
37:25 Pikeman
39:39 Conscription
38:44 Halberdier
40:42 Elite Varangian Guard
41:58 Plate Mail Armor
42:03 Iron Casting
45:28 Blast Furnace
marco.ulrich
12:21 Feudal Age
14:20 Loom
17:19 Castle Age
15:27 Horse Collar
16:34 Double-Bit Axe
17:46 Fletching
18:32 Bow Saw
20:23 Gold Mining
23:02 Squires
24:20 Crossbowman
26:09 Bodkin Arrow
26:15 Padded Archer Armor
28:37 Thumb Ring
30:28 Wheelbarrow
31:30 Heavy Plow
37:29 Imperial Age
38:11 Forging
38:02 Scale Mail Armor
38:19 Leather Archer Armor
38:33 Royal Heirs
38:45 Royal Heirs
42:10 Arbalester
Connection lost

Rejoining the realm…

Still unreachable

The connection could not be restored.

Session expired

The server has moved on; the page needs a fresh start.